[Event "*** Titled Tuesday Blitz"]
[Site "Chess.com"]
[Date "2019.09.03"]
[Round "7"]
[White "Korchmar_Vasiliy"]
[Black "JakeCarlosBanawa"]
[Result "0-1"]
[WhiteElo "2666"]
[BlackElo "2555"]
[TimeControl "180+2"]
[EndTime "16:37:09 PDT"]
[Termination "JakeCarlosBanawa won by resignation"]

1. d4 Nf6 2. c4 e6 3. g3 Bb4+ 4. Nd2 c5 5. a3 Bxd2+ 6. Qxd2 cxd4 7. Nf3 Nc6 8. Nxd4 Ne4 9. Nxc6 bxc6 10. Qd4 Nf6 11. c5 a5 12. Bf4 O-O 13. Bd6 Re8 14. Bg2 e5 15. Qc3 Ba6 16. O-O-O e4 17. Rd2 Nd5 18.
Qd4 f5 19. g4 Qg5 20. h4 Qxg4 21. Bh3 Qxh4 22. Rg1 Qf6 23. Qxf6 Nxf6 24. Bxf5 e3 25.
fxe3 Rxe3 26. Rg2 Rae8 27. Kd1 g6 28. Bf4 Rxe2 29. Bb1 Re1+ 30. Kc2 Nd5 31. Ba2 R8e6 32. Bh6 Kf7 33. Rdf2+ Rf6 34. Bg5 Rf5 35. Kd2 Re5 36.
Bh6 Ke7 37. Bg7 Nf6 38. Bh8 Ne4+ 39. Ke3 Nxf2+ 40. Bxe5 Rxe5+ 41. Kxf2 Re2+ 42. Kg1 Rxg2+ 43. Kxg2 d6 44. b4 axb4 45. axb4 dxc5 46. bxc5 Bd3 47. Bg8 h6 48. Kg3 Be4 49. Kf4 Bd5 50. Bh7 Kf6 0-1

[Event "*** Titled Tuesday Blitz"]
[Site "Chess.com"]
[Date "2019.09.03"]
[Round "7"]
[White "karinachess1"]
[Black "2nd_life"]
[Result "0-1"]
[WhiteElo "2542"]
[BlackElo "2388"]
[TimeControl "180+2"]
[EndTime "16:37:12 PDT"]
[Termination "2nd_life won by resignation"]

1. e4 e5 2. Nf3 Nc6 3. Bb5 a6 4.
Ba4 Nf6 5. O-O Be7 6. Re1 b5 7. Bb3 O-O 8. d3 Re8 9. Nc3 Bb4 10. Ng5 Rf8 11. f4 Bxc3 12. bxc3 d6 13. a4 Rb8 14.
axb5 axb5 15. Rf1 Qe7 16. f5 h6 17. Nf3 Bb7 18. Qe1 Ra8 19. Rxa8 Rxa8 20. Qg3 Kf8 21. Be3 Na5 22. Ra1 c5 23. Nd2 c4 24.
dxc4 bxc4 25. Nxc4 Nxc4 26. Rxa8+ Bxa8 27. Bxc4 Nxe4 28.
Qe1 Qd7 29. Qf1 Qc6 30. Bb3 Qxc3 31. Bc1 Qd4+ 32. Kh1 Nf2+ 33. Kg1 Nd3+ 34. Kh1 Nxc1 35. Qxc1 Qf2 36. Qg1 Qxf5 37. Qe1 Qe4 38. Qxe4 Bxe4 39. Kg1 Ke7 40. Kf2 d5 41. g3 d4 42. Ke2 f5 43. Kd2 g5 44. c3 dxc3+ 45. Kxc3 f4 46. gxf4 gxf4 47. Kd2 Kf6 48. Ke2 Kg5 49.
Kf2 Kh4 50. Be6 Bc6 51. Bf5 e4 52. Be6 e3+ 53. Ke2 Bg2 54. Bd7 Bh3 55. Bc6 Bg4+ 56. Kf1 f3 0-1

[Event "*** Titled Tuesday Blitz"]
[Site "Chess.com"]
[Date "2019.09.03"]
[Round "7"]
[White "MarcoRiehle"]
[Black "WPWPWP-2015"]
[Result "1-0"]
[WhiteElo "2699"]
[BlackElo "2444"]
[TimeControl "180+2"]
[EndTime "16:37:13 PDT"]
[Termination "MarcoRiehle won by checkmate"]

1. e4 c5 2. Nf3 d6 3. d4 cxd4 4. Nxd4 Nf6 5. f3 e5 6. Nb3 Be6 7. c4 Nbd7 8. Be3 Be7 9. Nc3 O-O 10.
Be2 Nh5 11. O-O Nb6 12. Nd5 Bxd5 13. cxd5 Bg5 14. Bf2 Nf4 15. a4 Rc8 16. a5 Nc4 17.
Bxc4 Rxc4 18. Bxa7 Qc8 19. Kh1 f5 20. exf5 Qxf5 21.
a6 bxa6 22. Rxa6 Ra8 23. Na5 Rc2 24. Rg1 Ne2 25. Nc6 Qg6 26. Re1 Kh8 27. Ra1 Rf8 28.
Rxe2 Rc4 29. Be3 Bh4 30. Bf2 Bg5 31. Be3 Rh4 32. Bxg5 Qxg5 33. Qg1 Qh5 34. Re4 Rhf4 35. Rxf4 exf4 36. Qd4 h6 37. h3 Qh4 38. Qe4 Qf2 39. Rg1 Qxb2 40. Ne7 Rf6 41. Ng6+ Kg8 42. Qe8+ Kh7 43. Nf8+ Kg8 44. Ne6+ Kh7 45. Qe7 Rf5 46. Qxd6 Qf6 47. Qd7 Rh5 48. Rb1 Qf5 49. Qxg7# 1-0

[Event "*** Titled Tuesday Blitz"]
[Site "Chess.com"]
[Date "2019.09.03"]
[Round "7"]
[White "Keithonsky"]
[Black "TheFireChess"]
[Result "0-1"]
[WhiteElo "2369"]
[BlackElo "2506"]
[TimeControl "180+2"]
[EndTime "16:37:15 PDT"]
[Termination "TheFireChess won by resignation"]

1. d4 d6 2. c4 f5 3. g3 Nf6 4.
Bg2 g6 5. Nc3 Bg7 6. Nh3 O-O 7. d5 c6 8. O-O e5 9. dxe6 Bxe6 10. Bf4 Bxc4 11. Bxd6 Re8 12. Ba3 h6 13. Qc2 Bf7 14. Rad1 Nbd7 15. Nf4 Qa5 16. Nd3 Rad8 17. Bb4 Qc7 18. a4 Ne5 19. Nb5 Qb8 20. Nxe5 Qxe5 21. Nc3 Qe6 22. Bc5 b6 23. Bd4 c5 24. Be3 Ng4 25.
Bc1 Rxd1 26. Qxd1 Bxc3 27. bxc3 Qxe2 28. Qxe2 Rxe2 29. Bf3 Ra2 30. h3 Nf6 31. Bxh6 Bd5 32. Bd1 Ne4 33. Re1 Nxf2 34. Be2 Nxh3+ 35. Kh2 Nf2 36. Kg1 Ne4 37. Bf4 Rxa4 38. Rd1 Nxc3 39. Rd2 Ra1+ 40. Bf1 Bc4 41. Rd8+ Kf7 42. Rd7+ Ke8 43.
Rg7 Rxf1+ 44. Kg2 Ne4 45. Rxa7 Rf2+ 46. Kg1 Rf3 47. Ra8+ Kd7 48. Kg2 Rb3 49. Ra7+ Kc6 50. Rc7+ Kb5 51. Rg7 Bd3 52. Rxg6 c4 53. Bc7 Kc5 54.
g4 fxg4 55. Rxg4 b5 56. Rg8 b4 57. Bf4 c3 58. Be3+ Kd5 59. Rd8+ Ke5 60. Rxd3 Rb2+ 61. Kf3 Nd2+ 62. Kg4 Ke4 63. Rd8 Kxe3 64. Re8+ Kd3 65. Rd8+ Kc2 0-1

[Event "*** Titled Tuesday Blitz"]
[Site "Chess.com"]
[Date "2019.09.03"]
[Round "7"]
[White "ferdipy"]
[Black "silverback96"]
[Result "1-0"]
[WhiteElo "2164"]
[BlackElo "2013"]
[TimeControl "180+2"]
[EndTime "16:37:16 PDT"]
[Termination "ferdipy won by resignation"]

1. d4 g6 2. c4 Bg7 3. Nc3 c5 4. d5 Nf6 5. e4 O-O 6. e5 Ne8 7. f4 d6 8. Nf3 Nd7 9. Qe2 a6 10. a4 Qc7 11. e6 Ndf6 12. Ng5 fxe6 13. Nxe6 Bxe6 14. Qxe6+ Kh8 15. Be2 Qd7 16. Bg4 Qxe6+ 17. Bxe6 Nc7 18. Bh3 b5 19. axb5 axb5 20. Rxa8 Rxa8 21.
b3 Ra1 22. O-O b4 23. Na4 Rb1 24. Bb2 Rxf1+ 25. Kxf1 Ne4 26. Ke2 Bxb2 27. Nxb2 Kg7 28. g4 g5 29. fxg5 Kg6 30. Ke3 Nc3 31. Kf4 Ne2+ 32. Ke3 Nd4 33. Kf4 Nxb3 34. Bg2 Nd2 35. h4 b3 36. h5+ Kg7 37. Ke3 Nb1 38. Be4 Na3 39. Kd2 e5 40. Kc3 Nc2 41. Bxc2 bxc2 42. Kxc2 h6 43. g6 Ne8 44. Nd3 Nf6 45. Nf2 Kf8 46. Kd2 Kg7 47. Ke3 Kf8 48. Kf3 Kg7 49. Ne4 Nxe4 50. Kxe4 Kf6 51. Kd3 Kg7 52. Ke3 Kf6 53.
Ke4 Kg7 54. Kf5 Kg8 55. g5 hxg5 56. Kxg5 Kh8 57. h6 Kg8 58. Kf6 Kf8 1-0

[Event "*** Titled Tuesday Blitz"]
[Site "Chess.com"]
[Date "2019.09.03"]
[Round "7"]
[White "goofypenguin96"]
[Black "GCamachoMartinez"]
[Result "0-1"]
[WhiteElo "2271"]
[BlackElo "2431"]
[TimeControl "180+2"]
[EndTime "16:37:24 PDT"]
[Termination "GCamachoMartinez won by resignation"]

1. e4 e5 2. Nf3 Nf6 3. Nxe5 d6 4. Nf3 Nxe4 5. Qe2 Qe7 6. d3 Nf6 7. Bg5 Qxe2+ 8. Bxe2 Be7 9. Nc3 c6 10. O-O-O Na6 11.
h3 Nc7 12. Bd2 Ne6 13. g4 h6 14. Rdg1 d5 15. h4 g6 16. Ne5 Nd7 17. Nxd7 Bxd7 18.
f4 O-O-O 19. Bf3 Bd6 20. Ne2 Rde8 21. h5 g5 22. fxg5 hxg5 23. c3 Reg8 24. Ng3 Nf4 25.
Kc2 Be6 26. Ne2 Nxe2 27. Bxe2 c5 28. Rf1 Be5 29. Be3 d4 30. Bd2 f6 31. Bf3 Kc7 32. Re1 b6 33. Re2 Kd6 34. Rhe1 Bd5 35. Bxd5 Kxd5 36.
Rf1 Re8 37. Rf5 Kd6 38. c4 Re7 39. b4 Rhe8 40. a3 Re6 41. Re1 Rg8 42. bxc5+ bxc5 43. Rb1 Kc6 44. Rb5 a6 45. Ra5 Kb6 46. Kb3 Bd6 47. Ka4 Rf8 48. Bxg5 fxg5 49. Rxg5 Rf3 50.
Rg8 Rxd3 51. g5 Ree3 0-1

[Event "*** Titled Tuesday Blitz"]
[Site "Chess.com"]
[Date "2019.09.03"]
[Round "7"]
[White "boasovietica"]
[Black "abubakrtagelsir"]
[Result "1/2-1/2"]
[WhiteElo "2437"]
[BlackElo "2256"]
[TimeControl "180+2"]
[EndTime "16:37:44 PDT"]
[Termination "Game drawn by repetition"]

1. e4 d6 2. d4 Nf6 3. f3 c5 4. Ne2 cxd4 5. Nxd4 g6 6. Nc3 Bg7 7. Be3 O-O 8. Qd2 Nc6 9. O-O-O Qa5 10. h4 Nxd4 11.
Bxd4 Be6 12. Qg5 Qxg5+ 13. hxg5 Nh5 14. Bxg7 Kxg7 15. g4 Ng3 16. Rh3 Nxf1 17. Rxf1 f6 18.
Rfh1 Rh8 19. gxf6+ exf6 20. Rh4 a6 21. Ne2 Bf7 22.
Kd2 d5 23. Nc3 Rad8 24. Kc1 dxe4 25. Nxe4 Bd5 26. g5 Bxe4 27. Rxe4 Rd7 28. f4 fxg5 29. fxg5 Rf8 30. Rhe1 Rff7 31. Re5 h5 32. gxh6+ Kxh6 33. Re6 Kg7 34. c4 Rc7 35. b3 b5 36. R1e4 bxc4 37.
bxc4 Rf6 38. Re7+ Rxe7 39. Rxe7+ Kh6 40. Kc2 g5 41. Kd3 g4 42. c5 Kg5 43. Kd4 g3 44.
Re1 Rf2 45. a3 g2 46. Rg1 Kf4 47. c6 Kf3 48. Kd5 Rc2 49. Kd6 Kf2 50. Rxg2+ Kxg2 51. c7 a5 52. Kd7 Rd2+ 53. Ke7 Re2+ 54. Kd7 Rd2+ 55. Ke7 Rc2 56. Kd7 Rd2+ 1/2-1/2

[Event "*** Titled Tuesday Blitz"]
[Site "Chess.com"]
[Date "2019.09.03"]
[Round "7"]
[White "13MiRacLe"]
[Black "Iustin106"]
[Result "0-1"]
[WhiteElo "2680"]
[BlackElo "2502"]
[TimeControl "180+2"]
[EndTime "16:37:56 PDT"]
[Termination "Iustin106 won by resignation"]

1. e4 e6 2. d4 d5 3. Nd2 c5 4.
Ngf3 cxd4 5. Nxd4 Nc6 6. Bb5 Bd7 7. Nxc6 bxc6 8. Bd3 Bd6 9. Qe2 Ne7 10. Nf3 Ng6 11. O-O O-O 12. c4 Qc7 13. Re1 dxc4 14. Bxc4 c5 15. e5 Be7 16. Ng5 Bc6 17. Qh5 Bxg5 18. Bxg5 Qb7 19. Qh3 Qxb2 20. Rab1 Qd4 21. Rbc1 Nf4 22.
Bxf4 Qxf4 23. Bd3 h6 24. Rxc5 Bd5 25. Bb1 Rfc8 26. Rxc8+ Rxc8 27. Qd3 Rc1 28. Rxc1 Qxc1+ 29. Qf1 Qb2 30. Qd3 Qxe5 31. h3 g6 32. Qd1 Kg7 33.
f3 Qe3+ 34. Kh2 h5 35. Bd3 h4 36. Qc2 Qf4+ 37. Kh1 Qd4 38. Be2 a5 39. a3 Qe3 40. a4 Qd4 41. Bb5 g5 42. Qc1 Kg6 43.
Qc2+ f5 44. Qc8 Qg7 45. Be8+ Kh6 46. Qd8 Qf8 47. Qd7 g4 48. Qd8 gxf3 49. Qxh4+ Kg7 50. Qg5+ Kh8 51. Qh5+ Kg8 52. Qg6+ Qg7 53. Bf7+ Kf8 54. Qxg7+ Kxg7 55. Be8 fxg2+ 56. Kg1 Kf6 57. Bb5 Kg5 58. Be2 Kh4 59. Kh2 f4 60. Bg4 f3 61. Kg1 e5 62.
Kf2 e4 63. Bxf3 exf3 0-1

[Event "*** Titled Tuesday Blitz"]
[Site "Chess.com"]
[Date "2019.09.03"]
[Round "7"]
[White "imdvb6307"]
[Black "Gubajdullin"]
[Result "1/2-1/2"]
[WhiteElo "2427"]
[BlackElo "2593"]
[TimeControl "180+2"]
[EndTime "16:37:57 PDT"]
[Termination "Game drawn by repetition"]

1. c4 g6 2. Nf3 Bg7 3. d4 f5 4.
Nc3 Nf6 5. g3 O-O 6. Bg2 d6 7.
O-O Qe8 8. d5 h6 9. Nd4 g5 10. e4 f4 11. Nf5 Bxf5 12. exf5 Nbd7 13. gxf4 gxf4 14. Bxf4 Nh5 15. Be3 Ne5 16. Qe2 Rxf5 17. f4 Ng6 18. Qg4 Qf7 19. Be4 Rf8 20. Bxf5 Qxf5 21.
Qxf5 Rxf5 22. Ne2 b6 23. Ng3 Nxg3 24. hxg3 Bxb2 25. Rae1 h5 26. Re2 Bg7 27. a4 a5 28.
Kg2 Nf8 29. Bd2 Kf7 30. Rfe1 Bf6 31. Kf3 Nd7 32. g4 hxg4+ 33. Kxg4 Kg6 34. Rh1 Nc5 35. Reh2 Bg7 36. Bc3 Rxf4+ 37. Kxf4 Bxc3 38. Rh7 Bd2+ 39. Kg4 Ne4 40. Rxe7 Nf2+ 41. Kf3 Nxh1 42. Kg2 Bb4 43. Kxh1 Kf6 44. Re6+ Kf5 45. Kg2 Kf4 46. Kf2 Bc5+ 47. Ke2 Kf5 48. Re7 Kf6 49. Rxc7 Ke5 50. Kd3 Kf5 51. Rh7 Ke5 52. Rh5+ Kf4 53. Rh7 Ke5 54. Re7+ Kf4 55. Re6 Kf5 56. Ke2 Kf4 57. Kf1 Kf3 58.
Re7 Bb4 59. Rb7 Bc5 60. Re7 Bb4 61. Re6 Bc5 62. Re7 1/2-1/2

[Event "*** Titled Tuesday Blitz"]
[Site "Chess.com"]
[Date "2019.09.03"]
[Round "7"]
[White "Sanan_Sjugirov"]
[Black "NTBT_DHS"]
[Result "1-0"]
[WhiteElo "2876"]
[BlackElo "2717"]
[TimeControl "180+2"]
[EndTime "16:37:59 PDT"]
[Termination "Sanan_Sjugirov won by resignation"]

1. e4 c5 2. Nf3 d6 3. d4 cxd4 4. Nxd4 Nf6 5. Nc3 g6 6. Be3 Bg7 7. f3 O-O 8. Qd2 Nc6 9. g4 Nxd4 10.
Bxd4 Be6 11. g5 Nh5 12. Bxg7 Nxg7 13. f4 Qa5 14. Bd3 Rac8 15. h4 Bg4 16. Nd5 Qd8 17. Rg1 Bh5 18. f5 Rc5 19. c4 b5 20. b4 Rxc4 21. Bxc4 bxc4 22. f6 exf6 23. Nxf6+ Kh8 24. Qd4 Qb8 25. a3 c3 26. Qxc3 Qb6 27. Kf1 Qb5+ 28. Kg2 Qe2+ 29. Kg3 Qb5 30. Rac1 Be2 31. Rge1 Bh5 32.
Rf1 Be2 33. Rf2 Bh5 34. Rd2 d5 35. Rxd5 Qe2 36. Rd2 Qb5 37. Kg2 a6 38. Qc8 Ne8 39. Qc5 Nd6 40. Qxd6 Kg7 41. Qxf8+ Kxf8 42. Rc8+ Ke7 43.
Re8+ Qxe8 44. Nxe8 Kxe8 45. Kf2 Bg4 46. Ke3 Bd7 47.
Kd4 Bb5 48. e5 Ke7 49. Kc5 Ke6 50. Rf2 Be8 51. Kd4 Bb5 52. Rf6+ Ke7 53. a4 Bxa4 54.
Rxa6 Bb5 55. Rb6 Bf1 56. Kc5 Bg2 57. b5 Bf3 58. Ra6 Be2 59. Ra2 Bf3 60. b6 Ke6 61.
Ra7 1-0

[Event "*** Titled Tuesday Blitz"]
[Site "Chess.com"]
[Date "2019.09.03"]
[Round "7"]
[White "Jenia84"]
[Black "ZeroRealtorFade"]
[Result "1-0"]
[WhiteElo "2259"]
[BlackElo "2330"]
[TimeControl "180+2"]
[EndTime "16:38:02 PDT"]
[Termination "Jenia84 won by resignation"]

1. d4 Nf6 2. Nf3 c5 3. c3 g6 4.
Bf4 Qb6 5. Qb3 cxd4 6. Qxb6 axb6 7. Bxb8 Rxb8 8. Nxd4 e5 9. Nb5 d5 10. Nd2 Bd7 11.
e4 Nxe4 12. Nxe4 dxe4 13. O-O-O Bc6 14. Bc4 Bh6+ 15. Kc2 O-O 16. Nd6 e3 17. fxe3 Bxe3 18. Rhe1 Bc5 19. Rxe5 Bxd6 20. Rxd6 Rbe8 21. Rg5 Kg7 22. b4 Rd8 23. Rd4 Rxd4 24. cxd4 Be4+ 25. Kc3 Rc8 26. b5 Bf5 27. Kb4 Rd8 28. d5 Re8 29.
Rg3 Re4 30. Rf3 h5 31. g3 Rd4 32. Kc3 Rd1 33. h4 Be4 34. Re3 Bxd5 35. Bxd5 Rxd5 36. a4 Kf6 37. Kc4 Rc5+ 38. Kb4 Re5 39. Rc3 Re4+ 40. Kb3 Rg4 41. Rc7 Rxg3+ 42. Kb2 g5 43. hxg5+ Rxg5 44. Rxb7 h4 45. Rxb6+ Kg7 46. Rd6 Rg4 47. Ka3 h3 48. Rd1 f5 49. b6 Rg3+ 50. Kb4 Rg2 51. Ka5 Rb2 52. Ka6 h2 53. b7 Kf6 54. Rh1 Ke7 55. Rxh2 Rb4 56. a5 Kd6 57. Ka7 Rb5 58. a6 Kc7 59. Rc2+ Kd6 60. b8=Q+ 1-0

[Event "*** Titled Tuesday Blitz"]
[Site "Chess.com"]
[Date "2019.09.03"]
[Round "7"]
[White "mortngabriel"]
[Black "LastHeroJr"]
[Result "1-0"]
[WhiteElo "2336"]
[BlackElo "2514"]
[TimeControl "180+2"]
[EndTime "16:38:05 PDT"]
[Termination "mortngabriel won on time"]

1. e4 Nc6 2. Nf3 d6 3. d4 Nf6 4. Nc3 g6 5. Be3 Bg7 6. Qd2 O-O 7. Bh6 e5 8. O-O-O Bg4 9. Bxg7 Kxg7 10. dxe5 dxe5 11. Qe3 Nd4 12. h3 Bxf3 13. gxf3 Nh5 14. Ne2 Nxe2+ 15. Bxe2 Qf6 16. Rd7 Qc6 17. Rhd1 Nf4 18. Bf1 Ne6 19. h4 Nd4 20. R1xd4 exd4 21. Qxd4+ Qf6 22. Qxf6+ Kxf6 23. Rxc7 Rab8 24. f4 Rfc8 25.
Rd7 Rd8 26. Rc7 Rdc8 27. Rd7 Rc6 28. Bb5 Rc5 29. Bd3 a6 30. b4 Rc6 31. f3 Ke6 32. Rd4 Rbc8 33. Kd2 Rd6 34. Ke3 Rxd4 35. Kxd4 f6 36. a4 Rc7 37. a5 Rd7+ 38. Kc5 f5 39. Kb6 Re7 40. Kc5 Rc7+ 41. Kb6 Rd7 42. Kc5 h6 43. Kb6 Kd6 44. exf5 gxf5 45. Bxf5 Rf7 46. Be4 Rxf4 47. Bxb7 Rxb4+ 48. Kxa6 Kc7 49. Be4 Rb1 50. c4 Rh1 51. Kb5 Rxh4 52. a6 Kb8 53. Kb6 Rxe4 54.
fxe4 h5 55. a7+ Ka8 56. c5 h4 57. c6 h3 58. c7 1-0

[Event "*** Titled Tuesday Blitz"]
[Site "Chess.com"]
[Date "2019.09.03"]
[Round "7"]
[White "Valuebet2000"]
[Black "IMTominho"]
[Result "0-1"]
[WhiteElo "2495"]
[BlackElo "2701"]
[TimeControl "180+2"]
[EndTime "16:38:07 PDT"]
[Termination "IMTominho won by resignation"]

1. e4 e5 2. Nf3 Nf6 3. Nxe5 d6 4. Nf3 Nxe4 5. d4 d5 6. Bd3 Nc6 7. O-O Be7 8. c4 Nb4 9. Be2 O-O 10. Nc3 Bf5 11.
a3 Nxc3 12. bxc3 Nc6 13. cxd5 Qxd5 14. Bf4 Bd6 15. Bxd6 Qxd6 16. Nd2 Rad8 17. Bf3 b6 18.
Nc4 Qg6 19. Ne3 Be4 20. Bxe4 Qxe4 21. Qa4 Rfe8 22. Rfe1 h6 23. Nc2 Qg6 24. Rxe8+ Rxe8 25. Nb4 Qe4 26. g3 Na5 27. Nc2 Re6 28. Re1 Qc6 29. Qb4 Rxe1+ 30. Nxe1 Nc4 31. Nd3 Nd2 32. Ne5 Qe4 33. Qb5 f6 34. Nc6 Nf3+ 35. Kf1 Nxh2+ 36. Kg1 Nf3+ 37. Kf1 Kh7 38. Nxa7 Nd2+ 39. Kg1 Qe1+ 40. Kg2 Ne4 41. Qf5+ Kg8 42. Qe6+ Kf8 43. Qc8+ Kf7 44. Qxc7+ Kg6 45. Qf4 h5 46. Nc6 Nd2 47. Nd8 Qf1+ 48. Kh2 Qe2 49. Kg2 Ne4 50. Nc6 Nxc3 51.
Qf3 Qxf3+ 52. Kxf3 Kf5 53. Ne7+ Ke6 54. Nc8 b5 55.
Nb6 g5 56. Ke3 Nd5+ 57. Nxd5 Kxd5 0-1

[Event "*** Titled Tuesday Blitz"]
[Site "Chess.com"]
[Date "2019.09.03"]
[Round "7"]
[White "DrMelekess"]
[Black "kuli4ik"]
[Result "0-1"]
[WhiteElo "2706"]
[BlackElo "2804"]
[TimeControl "180+2"]
[EndTime "16:38:17 PDT"]
[Termination "kuli4ik won by resignation"]

1. d4 g6 2. Nf3 Bg7 3. e4 d6 4. c3 e6 5. Be2 Nf6 6. Qc2 b6 7. Bf4 Bb7 8. Nbd2 h6 9. h3 Nbd7 10. O-O-O Qe7 11. Rhe1 e5 12. dxe5 dxe5 13. Be3 Nc5 14.
Bb5+ c6 15. Bf1 O-O-O 16. b4 Ncd7 17. Nc4 Kb8 18. Nfd2 Ne8 19. Nb3 Nc7 20. Rd2 Nf6 21. Red1 Rxd2 22. Rxd2 Rc8 23. Nxb6 axb6 24. Bxb6 Rd8 25.
Nc5 Nd7 26. Nxd7+ Rxd7 27. Bc4 h5 28. Bc5 Qe8 29. a4 Bh6 30. Be3 Bxe3 31. fxe3 Ba6 32. Bxa6 Nxa6 33. Rxd7 Qxd7 34. Qe2 Kb7 35. Qc4 Nc7 36.
Qe2 f5 37. exf5 Qxf5 38. e4 Qg5+ 39. Kb2 Ne6 40. Kb3 Qc1 41. Qc4 Nc7 42. Qf7 g5 43. Qxh5 Qb1+ 44. Ka3 Qxe4 45. Qxg5 Qe1 46. Kb3 Qb1+ 47.
Ka3 e4 48. Qe3 Nd5 49. Qc5 Nc7 50. Qd4 Qc1+ 51. Kb3 e3 52. Qe4 Qd1+ 53. Ka3 e2 54. b5 e1=Q 55. Qxc6+ Kc8 56. b6 Qa1+ 57. Kb4 Qb2+ 0-1

[Event "*** Titled Tuesday Blitz"]
[Site "Chess.com"]
[Date "2019.09.03"]
[Round "7"]
[White "StoreySniper"]
[Black "DishonorOnYourCow"]
[Result "0-1"]
[WhiteElo "2353"]
[BlackElo "2234"]
[TimeControl "180+2"]
[EndTime "16:38:20 PDT"]
[Termination "DishonorOnYourCow won by resignation"]

1. b4 d5 2. Bb2 Nf6 3. Nf3 Bf5 4. d3 e6 5. a3 a5 6. b5 c6 7. Nbd2 cxb5 8. Nd4 Bg6 9. Nxb5 Nc6 10. g3 Bc5 11.
Bg2 O-O 12. O-O Qb6 13. a4 Rac8 14. Bxf6 gxf6 15. Nb3 Be7 16. c3 Na7 17. Nxa7 Qxa7 18. Nd4 Bc5 19. Nb5 Qb6 20. Rb1 Rfd8 21. h4 Qc6 22. c4 Qd7 23. cxd5 exd5 24. Qd2 Bb4 25. Qf4 Rc2 26. Bf3 Qe7 27. Rfc1 Bd2 28. Rxc2 Bxf4 29.
gxf4 Qd7 30. h5 Bf5 31. Kh2 Kf8 32. Rc7 Qe8 33. Nd4 Bc8 34. Rb6 Rd7 35. Rc5 Qd8 36. Rbb5 Rd6 37. Rxd5 Rxd5 38. Rxd5 Qb6 39. Nb5 Qxf2+ 40.
Bg2 Qxf4+ 41. Kg1 Be6 42. Rd4 Qc1+ 43. Kh2 Qg5 44. Bf3 Kg7 45. Re4 Qc1 46. Nd4 Qc7+ 47. Kg2 Qd7 48. Nxe6+ fxe6 49. d4 f5 50. Rh4 Qxa4 51.
h6+ Kf6 52. Kg3 Qd7 53. Rf4 Qc7 54. e4 a4 55. e5+ Kf7 56. Bh5+ Ke7 57. Rf3 Qc1 58.
d5 Qxh6 59. Rf2 Qxh5 60. d6+ Kd7 61. Rc2 Qg5+ 62. Kf2 Qf4+ 63. Ke2 Qe4+ 64. Kd2 f4 65. Rc7+ Kd8 66. Rf7 Qxe5 67. Rxh7 Qxd6+ 68. Kc2 Qc6+ 69. Kb2 Qb5+ 70. Ka1 Qe5+ 71. Ka2 Qd5+ 72. Ka1 Qd4+ 73. Ka2 Qc4+ 74. Ka1 Qc3+ 75. Ka2 Qb3+ 76. Ka1 Qa3+ 77. Kb1 Qd3+ 78. Ka1 Qxh7 0-1

[Event "*** Titled Tuesday Blitz"]
[Site "Chess.com"]
[Date "2019.09.03"]
[Round "7"]
[White "novocane"]
[Black "saraswathii"]
[Result "1-0"]
[WhiteElo "2194"]
[BlackElo "2270"]
[TimeControl "180+2"]
[EndTime "16:38:25 PDT"]
[Termination "novocane won by resignation"]

1. d4 Nc6 2. d5 Ne5 3. f4 Ng6 4.
e4 e6 5. dxe6 fxe6 6. Bd3 Nh6 7.
Nf3 Bc5 8. Nc3 O-O 9. g3 d5 10.
e5 Ne7 11. Bd2 Nef5 12. Qe2 b6 13. Ng5 g6 14. O-O-O Nf7 15. Bxf5 gxf5 16. h4 d4 17. Qh5 Nxg5 18. hxg5 Qe7 19. Ne2 Bb7 20. Rh2 Qg7 21. b4 Be7 22. Nxd4 Bc8 23. Nc6 Bd7 24. Nxe7+ Qxe7 25.
g6 Be8 26. Qxh7+ Qxh7 27. Rxh7 Bxg6 28. Rxc7 Rfc8 29. Rxc8+ Rxc8 30. Be3 Bh5 31. Rd6 Bf3 32. Rxe6 Be4 33. c3 Rxc3+ 34. Kd2 Rc2+ 35. Ke1 Rxa2 36.
Re7 Kf8 37. Rc7 Bd3 38. Bd4 Re2+ 39. Kd1 Re4 40. Bc3 a6 41. Kd2 Bb5 42. Rb7 Re2+ 43. Kd1 Re3 44. Kd2 Rd3+ 45. Kc2 Rxg3 46. Rxb6 Bd3+ 47.
Kb2 Ke7 48. b5 axb5 49. Bb4+ Kd7 50. Rb7+ Kc6 51. Rf7 Bc4 52. Rf6+ Kd5 53. Rd6+ Ke4 54. Bc3 b4 55. Rd4+ Ke3 56. Rxc4 Rg2+ 57. Kb3 bxc3 58. Kxc3 Rg6 59. Kb4 Kf3 60. Kc5 Rg4 61. Kd5 Rxf4 62. Rxf4+ Kxf4 63. e6 Kg3 64. e7 f4 65. e8=Q f3 66.
Qg8+ Kh2 67. Qh7+ Kg1 68. Qg6+ Kf1 69. Qd3+ Kg2 70. Qe4 Kg3 71. Qe3 Kg2 72. Qg5+ Kh2 73.
Qh4+ Kg2 74. Qg4+ Kf2 75. Ke4 1-0

[Event "*** Titled Tuesday Blitz"]
[Site "Chess.com"]
[Date "2019.09.03"]
[Round "7"]
[White "Denis_Palkovich"]
[Black "ChristianAlm"]
[Result "1-0"]
[WhiteElo "2231"]
[BlackElo "2283"]
[TimeControl "180+2"]
[EndTime "16:38:33 PDT"]
[Termination "Denis_Palkovich won by resignation"]

1. d4 Nf6 2. Bf4 d6 3. e3 g6 4. Nf3 Bg7 5. h3 O-O 6. Be2 Nbd7 7. O-O c5 8. c4 cxd4 9. exd4 b6 10. Nc3 Bb7 11. d5 Nc5 12. Re1 Nce4 13. Nxe4 Nxe4 14.
Qc2 Nf6 15. Rad1 Rc8 16. Qd3 b5 17. b3 bxc4 18. bxc4 Ba6 19. Qb3 Qb6 20. Nd4 Nxd5 21.
cxd5 Bxe2 22. Qxb6 axb6 23. Rxe2 Rfe8 24. Rc2 Bxd4 25. Rxc8 Rxc8 26. Rxd4 Rc5 27. a4 f6 28. Kf1 Kf7 29. Ke2 Rc2+ 30. Bd2 Ra2 31. Rb4 g5 32. g4 Ra3 33. Be3 Kg6 34. Bxb6 Rxh3 35. Be3 Rh1 36. a5 Ra1 37. Rb5 f5 38. gxf5+ Kxf5 39. Bd2 h5 40. Rb7 Kf6 41. Rb8 Ra2 42. Rg8 g4 43.
Kd3 Kf5 44. Rg5+ Kf6 45. Rxh5 Ra3+ 46. Bc3+ Kg6 47. Rh8 Ra2 48. Bd2 Kf5 49. Re8 Kf6 50. Rg8 Kf5 51. Rg7 Ke5 52. Rxe7+ Kxd5 53. Rg7 Ra3+ 54.
Bc3 Ra4 55. Rg5+ Ke6 56. Bd4 d5 57. Rxg4 Rxa5 58. Rg6+ Kf5 59. Rf6+ Kg4 60. Be3 Ra4 61.
Rd6 Kf3 62. Rxd5 Ra3+ 63. Kd4 Ra4+ 64. Ke5 Re4+ 65. Kf5 Re8 66. Rd6 Ra8 67. Rf6 Ke2 68. Ke4 Ra4+ 69. Bd4 Ra8 70. f4 Re8+ 71. Be5 Ra8 72. Rb6 Kf2 73. Rb3 Ra4+ 74. Bd4+ Ke2 75. Rb2+ Kd1 76. f5 Kc1 77. Rf2 Ra8 78. f6 Re8+ 79. Be5 Kd1 80. f7 Rf8 81. Bd6 Rxf7 82. Rxf7 1-0

[Event "*** Titled Tuesday Blitz"]
[Site "Chess.com"]
[Date "2019.09.03"]
[Round "7"]
[White "ecwinslow"]
[Black "Kazmin_Dmitrij"]
[Result "1-0"]
[WhiteElo "2073"]
[BlackElo "2293"]
[TimeControl "180+2"]
[EndTime "16:38:37 PDT"]
[Termination "ecwinslow won by resignation"]

1. d4 f5 2. g3 Nf6 3. Bg2 g6 4. Nf3 Bg7 5. O-O O-O 6. c4 d6 7.
Nc3 c6 8. d5 e5 9. dxe6 Bxe6 10. Qd3 Na6 11. b3 Nc5 12. Qc2 Nfe4 13. Bb2 h6 14. Rad1 Qe7 15. Nd4 Bf7 16. e3 a5 17.
Nde2 Be5 18. Nxe4 fxe4 19. Bxe5 Qxe5 20. Qc3 Qxc3 21. Nxc3 a4 22. Nxe4 axb3 23. axb3 Nxb3 24. Nxd6 Nc5 25. e4 Be6 26. f4 Ra4 27. Rc1 Rd8 28.
e5 Ra2 29. Rb1 Rc2 30. Rfc1 Re2 31. Rd1 Ra8 32. Re1 Rd2 33. Red1 Re2 34. Bf3 Rc2 35. Rdc1 Rd2 36. Rd1 Rc2 37. Nxb7 Nxb7 38. Rxb7 Bxc4 39. Be4 Re2 40. Bxg6 Bd5 41. Bd3 Rg2+ 42. Kf1 Raa2 43. Rdb1 Raf2+ 44. Ke1 Ra2 45. Bf1 Rgd2 46. Rc7 Rdb2 47.
Rxb2 Rxb2 48. Be2 Rb1+ 49. Kf2 Rb2 50. Ke3 Rb3+ 51. Kd4 Rb2 52. Bd3 Rd2 53. Kc3 Rxh2 54.
f5 Rh3 55. e6 Rxg3 56. Kd4 Kf8 57. Rf7+ Ke8 58. f6 Bxe6 59. Re7+ Kf8 60. Rxe6 Kf7 61.
Rxc6 Rg4+ 62. Be4 h5 63. Ke5 Rg5+ 64. Bf5 h4 65. Rc7+ Ke8 66. Ke6 Kd8 67. Rh7 h3 68. f7 Rxf5 69. Kxf5 1-0

[Event "*** Titled Tuesday Blitz"]
[Site "Chess.com"]
[Date "2019.09.03"]
[Round "7"]
[White "SirMittensofMittensville"]
[Black "Gattass"]
[Result "1/2-1/2"]
[WhiteElo "2547"]
[BlackElo "2353"]
[TimeControl "180+2"]
[EndTime "16:38:43 PDT"]
[Termination "Game drawn by repetition"]

1. e4 c5 2. c3 Nc6 3. d4 cxd4 4.
cxd4 d5 5. exd5 Qxd5 6. Nf3 Bg4 7.
Nc3 Qa5 8. d5 Ne5 9. Bb5+ Bd7 10.
Bxd7+ Nxd7 11. O-O g6 12. Re1 Bg7 13. Bg5 Kf8 14. Qe2 Re8 15. Rad1 h6 16. Be3 Ngf6 17. Bd4 Kg8 18. a3 a6 19. Qc2 Kh7 20. Qb3 b5 21. h3 Qc7 22. Ne5 Nxe5 23. Bxe5 Qc4 24. Qc2 Rd8 25.
Rd4 Qc5 26. Red1 Rd7 27. Qd2 Rhd8 28. Qd3 Ne8 29. Ne4 Qb6 30. Bxg7 Nxg7 31. Qd2 Nf5 32. Rd3 Nd6 33. Nxd6 Rxd6 34. b4 Qb7 35. Qe2 Qd7 36. Rd4 Qb7 37. R1d3 Rxd5 38. Rxd5 Rxd5 39. Rxd5 Qxd5 40.
Qxe7 Kg7 41. Qe3 Qd1+ 42. Kh2 Qd6+ 43. g3 Qd5 44. h4 Kh7 45. Qc5 Qe6 46. Kg2 Kg8 47. Qa7 Qd5+ 48. Kh2 Qc6 49. Qd4 Kh7 50. Qd3 Qc4 51. Qe3 Qd5 52. Kg1 Qd1+ 53. Kg2 Qd5+ 54. Qf3 Qe6 55. h5 g5 56. Qd3+ Kg7 57. Qd4+ Kg8 58.
Qd8+ Kh7 59. Qd4 Qf5 60. f3 Qe6 61. Qc3 Qe2+ 62. Kh3 Qf1+ 63. Kh2 Qf2+ 64. Kh3 Qf1+ 65. Kg4 Qe2 66. Qf6 Qc4+ 67. Kh3 Qc8+ 68. g4 Qb7 69.
Qf5+ Kg7 70. Qe5+ Kg8 71. Kg3 Qc6 72. Qb8+ Kh7 73. Qe5 Kg8 74. Qb8+ Kh7 75. Qe5 Kg8 1/2-1/2